Cogmind - Beta 11.1 @@@ ROGUE MODE // 2022.06.25 @ 17:21:14 Player: HeartGrenade Result: Destroyed by G-50 Soldier with Heavy Laser Performance ------------- Evolutions (5) 2500 Regions Visited (19) 3800 Robots Destroyed (230) 1150 Value Destroyed (8613) 8613 Prototype IDs (29) 580 Alien Tech Used (0) 0 Bonus (4976) 4976 TOTAL SCORE: 21619 Bonus ------- High Alert Combat Kills 1034 Follower Combat Kills 2566 Met Data Miner 300 Met Imprinter 300 Was Imprinted 300 Built Enhanced Grunts 300 Met R17 at Cetus 500 Friendly Fire -324 Cogmind --------- Core Integrity 0/1000 Matter 300/300 Energy 325/325 System Corruption 24% Temperature Cool (9) Movement Walking (260) Ox2 Location -5/Hub_04(d) Parts ------- > --- POWER (2) -------- Antimatter Reactor > --- PROPULSION (4) --- Flexi-carbon Leg Flexi-carbon Leg > --- UTILITY (8) ------ Advanced Heat Sink Improved Coolant Injector Huge Storage Unit Advanced Terrain Scan Processor Advanced Targeting Computer > --- WEAPON (3) ------- Heavy Laser > --- INVENTORY (25) --- Carbon-fiber Leg Armored Huge Wheel Improved Cooling System Improved Cooling System Energy Well (350) Matter Compressor (250) Improved Sensor Array Terrain Scanner Light Regenerative Plating Improved Thermal Shield Z-Drone Bay (2/2) Improved Arc Projector Heavy Laser Plasma Rifle Mini Grenade Launcher Heavy Missile Launcher Long-range Missile Launcher CR-A16's Pointy Stick Peak State ------------ > --- POWER ------------ Light Angular Momentum Engine Particle Reactor > --- PROPULSION ------- Armored Medium Treads Armored Medium Treads Centrium Heavy Treads > --- UTILITY ---------- Advanced Heat Sink Advanced Heat Sink Huge Storage Unit Improved Signal Interpreter Advanced Terrain Scan Processor Centrium Medium Armor Plating Light Regenerative Plating Improved Thermal Shield > --- WEAPON ----------- Advanced Plasma Cannon Advanced Plasma Cannon CR-A16's Pointy Stick > --- INVENTORY -------- Light Angular Momentum Engine Light Antimatter Reactor Spiked Medium Treads Armored Huge Wheel Armored Huge Wheel Improved Cooling System Improved Coolant Injector Energy Well Matter Compressor Improved Sensor Array Terrain Scanner Advanced Targeting Computer Centrium Medium Armor Plating Medium Reactive Plating Insulated Plating Z-Drone Bay Wave Gun Heavy Plasma Cannon Neutron Cannon Mini Grenade Launcher Heavy Missile Launcher Long-range Missile Launcher [Rating: 109] Favorites ----------- Power Light Fission Core Engine Improved Ion Engine Power Core Light Fission Core Reactor Particle Reactor Propulsion Armored Huge Wheel Treads Armored Treads Leg Aluminum Leg Wheel Armored Huge Wheel Utility Huge Storage Unit Device Improved Heat Sink Storage Huge Storage Unit Processor Improved Signal Interpreter Protection Light Regenerative Plating Weapon Gatling Laser Energy Gun Gatling Laser Energy Cannon Advanced Plasma Cannon Ballistic Gun Autogun Ballistic Cannon Hardcell Cannon Launcher Rocket Launcher Impact Weapon Hammer Slashing Weapon Mining Claw Piercing Weapon CR-A16's Pointy Stick Build | -11 -10 -10 -9 -8 -7 -7 -7 -7 -6 -6 -6 -6 -6 -5 -5 -5 -5 -5 -5 ------- Run | Scr Mat Min Mat Mat Fac Low Low Dat Pro Fac Low Low Zio Pro Fac Ext Cet Arc Hub Slots Evolved 10 | . . . 2 2 2 . . . . 2 . . . . 2 . . . . Power 1 | . . . . . . . . . . . . . . . 1 . . . . Propulsion 2 | . . . . 1 1 . . . . . . . . . . . . . . Utility 6 | . . . 2 1 1 . . . . 2 . . . . . . . . . Weapon 1 | . . . . . . . . . . . . . . . 1 . . . . Parts Attached 243 | 6 22 2 10 23 22 2 6 2 3 31 . 1 2 10 25 11 4 2 59 Power 28 | 1 2 . 1 1 1 . . . . 3 . . . . 7 2 . 1 9 Engine 20 | 1 2 . 1 1 1 . . . . 2 . . . . 4 1 . . 7 Core 5 | . . . . . . . . . . 1 . . . . 3 1 . . . Reactor 3 | . . . . . . . . . . . . . . . . . . 1 2 Propulsion 37 | 2 6 1 1 6 1 1 . . . 2 . . . 2 3 . 1 . 11 Treads 15 | 2 2 . . 3 . . . . . . . . . 2 1 . 1 . 4 Leg 7 | . 2 1 . . . . . . . . . . . . . . . . 4 Wheel 15 | . 2 . 1 3 1 1 . . . 2 . . . . 2 . . . 3 Hover . | . . . . . . . . . . . . . . . . . . . . Flight . | . . . . . . . . . . . . . . . . . . . . Utility 88 | 1 5 . 6 9 8 . 4 . . 10 . . . 6 10 6 1 1 21 Device 47 | . 3 . 2 3 2 . 1 . . 4 . . . 4 7 5 . . 16 Storage 5 | 1 2 . 1 1 . . . . . . . . . . . . . . . Processor 3 | . . . . . 1 . . . . 1 . . . . . . . . 1 Hackware . | . . . . . . . . . . . . . . . . . . . . Protection 33 | . . . 3 5 5 . 3 . . 5 . . . 2 3 1 1 1 4 Artifact . | . . . . . . . . . . . . . . . . . . . . Weapon 90 | 2 9 1 2 7 12 1 2 2 3 16 . 1 2 2 5 3 2 . 18 Energy Gun 29 | 2 7 1 . 1 4 . 1 . 1 3 . . . . 1 2 . . 6 Energy Cannon 26 | . . . 1 2 3 . 1 1 1 6 . . 1 1 2 1 . . 6 Ballistic Gun 3 | . . . . 2 . . . . . . . . . . . . . . 1 Ballistic Cannon 1 | . . . . . . . . . . 1 . . . . . . . . . Launcher 14 | . . . . 1 . 1 . 1 1 2 . 1 . 1 1 . 1 . 4 Special Weapon . | . . . . . . . . . . . . . . . . . . . . Impact Weapon 6 | . . . 1 1 4 . . . . . . . . . . . . . . Slashing Weapon 7 | . 2 . . . 1 . . . . 4 . . . . . . . . . Piercing Weapon 4 | . . . . . . . . . . . . . 1 . 1 . 1 . 1 Special Melee Weapon . | . . . . . . . . . . . . . . . . . . . . Unidentified Prototypes 2 | . . . . . . . . . . . . . . . . . 2 . . Parts Lost 87 | . 4 2 5 11 2 . 2 . . 8 . . . 5 15 3 . . 30 Power 16 | . 1 . . . . . . . . 1 . . . . 6 . . . 8 Propulsion 17 | . 2 1 1 3 . . . . . 1 . . . 1 3 . . . 5 Utility 32 | . . . 2 7 2 . 2 . . 2 . . . 4 4 1 . . 8 Weapon 22 | . 1 1 2 1 . . . . . 4 . . . . 2 2 . . 9 Highest Loss Streak 22 | . 4 1 4 5 1 . 1 . . 3 . . . 2 3 2 . . 22 To Critical Strikes 2 | . . . . . . . . . . . . . . . 1 . . . 1 Average Slot Usage (%) 88 | . 97 100 98 93 83 84 84 71 84 85 86 86 86 87 89 87 88 88 86 Engine 5 | . 13 14 11 9 7 7 7 7 7 4 . . . . 5 . . . 3 Core 2 | . . . . . . . . . . 1 6 6 6 6 4 10 11 6 1 Treads 3 | . 9 11 . 9 . . . . . . . . . 3 5 . 4 5 7 Leg 1 | . 7 2 11 3 . . . . . . . . . . . . . . 1 Wheel 10 | . 10 14 10 9 15 15 15 15 15 12 13 13 13 11 6 11 5 5 3 Device 16 | . 13 14 10 17 21 15 14 15 15 20 20 20 20 16 19 19 11 5 11 Storage 7 | . 14 14 14 9 7 7 7 7 7 6 6 6 6 6 5 5 5 5 5 Processor 8 | . . . . . 7 7 7 7 7 13 13 13 13 13 11 11 11 11 13 Protection 11 | . . . 17 17 8 15 15 15 15 12 13 13 13 16 8 8 16 22 12 Energy Gun 9 | . 25 28 16 4 9 7 6 . 5 5 6 6 6 6 3 8 11 11 5 Energy Cannon 4 | . . . 5 8 3 . . 1 6 5 6 . . 5 8 7 2 . 6 Naked Turns . | . . . . . . . . . . . . . . . . . . . . Heaviest Build 160 | 13 54 54 74 100 112 112 118 118 118 119 107 107 109 117 129 138 143 156 160 Greatest Support 134 | 40 40 16 16 32 56 56 56 56 56 56 56 56 56 56 56 56 56 28 134 Greatest Overweight (x) 7 | 1 3 3 6 7 1 1 2 2 2 2 1 1 3 4 4 2 5 5 5 Average Overweight (x) 2 | . 2 3 4 4 1 1 1 1 2 1 1 1 1 2 3 2 4 4 3 Largest Inventory Capacity 25 | 8 20 20 20 25 25 25 25 25 25 25 25 25 25 25 25 25 25 25 25 Average Capacity 23 | 6 17 20 20 20 25 25 25 25 25 25 25 25 25 25 25 25 25 25 25 Most Carried 25 | 4 20 20 20 25 25 25 25 25 24 25 25 25 25 25 25 25 25 25 25 Average Carried 22 | 1 13 18 18 18 24 25 24 24 24 23 25 24 24 23 21 24 24 25 22 Final Capacity 25 | 8 20 20 20 25 25 25 25 25 25 25 25 25 25 25 25 25 25 25 25 Final Carried 25 | 1 19 20 15 25 25 25 24 24 24 25 25 25 24 22 25 25 25 25 19 Class Distribution -------------------- 66% | Mutant 11% | Scavenger-Mutant 9% | Scavenger-Skirmisher 6% | Skirmisher Dominant Class ---------------- Mutant | -10/Materials Mutant | -10/Mines Mutant | -9/Materials Mutant | -8/Materials Mutant | -7/Factory Mutant | -7/Lower Caves Mutant | -7/Lower Caves Mutant | -7/Data Miner Mutant | -6/Proximity Caves Skirmisher | -6/Factory Mutant | -6/Lower Caves Mutant | -6/Lower Caves Mutant | -6/Zion Mutant | -5/Proximity Caves Mutant | -5/Factory Scavenger-Skirmisher | -5/Extension Scavenger-Skirmisher | -5/Cetus Scavenger-Mutant | -5/Archives Scavenger-Mutant | -5/Hub_04(d) Resources | -11 -10 -10 -9 -8 -7 -7 -7 -7 -6 -6 -6 -6 -6 -5 -5 -5 -5 -5 -5 ----------- Run | Scr Mat Min Mat Mat Fac Low Low Dat Pro Fac Low Low Zio Pro Fac Ext Cet Arc Hub Matter Collected 3759 | 202 426 48 80 336 217 61 198 . 30 606 10 20 10 105 317 185 97 27 784 Remotely . | . . . . . . . . . . . . . . . . . . . . Salvage Created 8487 | . 613 171 613 793 526 180 131 . 24 836 . 33 . 443 1498 569 89 93 1875 Parts 383 | . 24 15 30 41 17 7 7 . 3 45 . 6 . 10 71 23 3 5 76 Haulers Intercepted 2 | . 1 . . . . . . . . . . . . . 1 . . . . Recyclers Shooed 4 | . 3 . . . 1 . . . . . . . . . . . . . . Parts Field Recycled . | . . . . . . . . . . . . . . . . . . . . Retrieved Matter . | . . . . . . . . . . . . . . . . . . . . Parts Self-Destructed 35 | . . . . . . 7 3 . 9 . . 6 . 10 . . . . . Prevented 1 | . . . . . . . . . . . . . . 1 . . . . . Kills | -11 -10 -10 -9 -8 -7 -7 -7 -7 -6 -6 -6 -6 -6 -5 -5 -5 -5 -5 -5 ------- Run | Scr Mat Min Mat Mat Fac Low Low Dat Pro Fac Low Low Zio Pro Fac Ext Cet Arc Hub Combat Hostiles Destroyed 182 | . 10 9 15 17 10 5 6 . 2 19 . 3 . 10 31 8 2 . 35 Guns 67 | . 10 9 9 6 9 1 4 . . 7 . . . 2 5 2 1 . 2 Cannons 58 | . . . 5 8 1 1 . . . 5 . . . 5 9 4 . . 20 AOE 44 | . . . . 3 . 3 2 . 2 7 . 3 . 2 11 . 1 . 10 Classes Destroyed 20 | . 6 2 1 1 1 . 2 . . 1 . . . 2 . . . . 4 Worker 14 | . . . . 2 1 . . . . 3 . . . . 1 . . . 7 Builder 9 | . 1 . . 1 2 . . . . . . . . . 2 1 . . 2 Tunneler 4 | . . 2 . . . . . . . . . . . . 2 . . . . Hauler 2 | . 1 . . . . . . . . . . . . . 1 . . . . Recycler 3 | . 1 . . 2 . . . . . . . . . . . . . . . Mechanic 1 | . . . . . . . . . . . . . . . . . . . 1 Operator 3 | . 1 . 1 . . . . . . . . . . . . 1 . . . Watcher 11 | . 1 . 1 . . . . . . 3 . . . . 3 1 . . 2 Swarmer 54 | . . 9 4 7 2 . 4 . 2 6 . 3 . 2 11 . . . 4 Grunt 68 | . 10 . 7 7 4 4 . . . 4 . . . 2 6 6 2 . 16 Brawler 1 | . . . . . . . . . . . . . . . . . . . 1 Duelist 6 | . . . . . . . . . . 1 . . . 1 1 . . . 3 Protector 1 | . . . . . . . . . . . . . . . . . . . 1 Sentry 21 | . . . 4 3 3 . . . . 4 . . . 2 2 2 . . 1 Demolisher 1 | . . . . . . . . . . . . . . 1 . . . . . Specialist 2 | . . . . . . . . . . . . . . . . . . . 2 Hunter 9 | . . . . . . . . . . . . . . 2 3 . . . 4 Programmer 17 | . . . . . 1 1 . . . 4 . . . . 8 . . . 3 Behemoth 1 | . . . . . . . 1 . . . . . . . . . . . . Enhanced Grunt 1 | . . . . . . . . . . . . . . . . . . 1 . Mutant 1 | . . . . . . . 1 . . . . . . . . . . . . Best Kill Streak 13 | . 4 3 4 6 3 4 3 . 2 5 . 3 . 3 9 7 1 . 13 Combat Bots Only 12 | . 4 3 4 3 2 4 3 . 2 4 . 3 . 3 7 6 1 . 12 Max Kills in Single Turn 4 | . 1 1 1 2 1 2 1 . 1 3 . 3 . 2 4 2 1 1 3 Gunslinging . | . . . . . . . . . . . . . . . . . . . . Exploded 4 | . . . . 2 . 2 1 . 1 2 . 3 . 2 4 . 1 . 2 Melee . | . . . . . . . . . . . . . . . . . . . . Uniques/NPCs Destroyed . | . . . . . . . . . . . . . . . . . . . . Combat | -11 -10 -10 -9 -8 -7 -7 -7 -7 -6 -6 -6 -6 -6 -5 -5 -5 -5 -5 -5 -------- Run | Scr Mat Min Mat Mat Fac Low Low Dat Pro Fac Low Low Zio Pro Fac Ext Cet Arc Hub Damage Taken 17704 | . 682 240 990 1294 753 125 637 . 88 1345 . 13 . 1291 2369 856 39 177 6805 Core 1999 | . 86 42 318 78 72 14 51 . . 169 . 13 . 140 164 80 10 30 732 Absorbed by Shields 19 | . . . . . . . . . . . . . . . . . 19 . . Redirected to Shielding 232 | . . . 42 10 45 32 29 . . 74 . . . . . . . . . Regen/Repaired (Parts) 1033 | . . . . . . . . . . 149 6 . . 131 293 223 . 48 183 Core Remaining (%) 65 | 100 . 48 20 85 . . . . 80 . . . . 62 . . . . . Volleys Fired 580 | . 43 22 58 64 28 7 28 . 5 52 . 1 . 53 79 36 4 1 99 Largest 3 | . 2 2 2 2 2 2 2 . 2 2 . 2 . 2 3 3 3 2 3 Hottest 277 | . 112 112 124 124 160 155 155 . 155 155 . 110 . 165 227 242 254 156 277 Shots Fired 1105 | . 83 44 111 124 56 9 35 . 6 87 . 2 . 84 163 83 9 3 206 Gun 551 | . 83 44 82 60 46 4 16 . 1 35 . 1 . 31 50 33 7 3 55 Cannon 509 | . . . 29 61 10 2 8 . 3 49 . . . 52 107 50 1 . 137 Launcher 45 | . . . . 3 . 3 11 . 2 3 . 1 . 1 6 . 1 . 14 Special . | . . . . . . . . . . . . . . . . . . . . Kinetic 33 | . . . . 32 . . . . . . . . . . . . . . 1 Thermal 1027 | . 83 44 111 89 56 6 24 . 4 84 . 1 . 83 157 83 8 3 191 Explosive 45 | . . . . 3 . 3 11 . 2 3 . 1 . 1 6 . 1 . 14 Electromagnetic . | . . . . . . . . . . . . . . . . . . . . Robot Hit Streak 26 | . 11 5 13 12 21 9 6 . 1 15 . 4 . 10 13 19 3 3 26 Robot Miss Streak 10 | . 3 5 5 4 6 1 10 . 4 4 . 2 . 5 4 2 3 1 4 Penetration Max . | . . . . . . . . . . . . . . . . . . . . Secondary Targets 2 | . 1 1 . . . . . . . . . . . . . . . . . Max Gunslinging Chain 1 | . 1 1 . . . . . . . . . . . . . . . . . Shots Hit Robots 734 | . 61 21 73 80 45 8 19 . 1 69 . 2 . 51 97 52 5 6 144 Core Hits 449 | . 25 12 20 31 33 12 20 . 2 61 . 4 . 30 66 21 5 3 104 Critical Kills 8 | . . . . . . . . . . . . . . . 5 . . . 3 Critical Parts Destroyed 1 | . . . . . 1 . . . . . . . . . . . . . . Critical Strikes 29 | . 6 4 1 2 1 . . . . . . . . . 6 2 . 2 5 Burn 17 | . 6 4 1 2 . . . . . . . . . . . 2 . 1 1 Meltdown 8 | . . . . . . . . . . . . . . . 5 . . . 3 Smash 1 | . . . . . 1 . . . . . . . . . . . . . . Impale 3 | . . . . . . . . . . . . . . . 1 . . 1 1 Melee Attacks 54 | . 12 . 1 14 9 . . . . 4 . . 1 . 5 . 2 4 2 Impact 24 | . . . 1 14 9 . . . . . . . . . . . . . . Slashing 16 | . 12 . . . . . . . . 4 . . . . . . . . . Piercing 14 | . . . . . . . . . . . . . 1 . 5 . 2 4 2 Sneak Attacks 5 | . . . . 1 1 . . . . . . . . . . . . 3 . Combat Hostiles . | . . . . . . . . . . . . . . . . . . . . Follow-up Attacks . | . . . . . . . . . . . . . . . . . . . . Damage Inflicted 22232 | . 906 320 1185 1697 1098 442 841 . 274 2264 . 196 . 1399 3440 1281 320 298 6271 Guns 8046 | . 906 313 804 669 905 116 336 . 11 746 . 23 . 690 812 477 118 61 1059 Cannons 8712 | . . . 381 816 107 62 25 . . 857 . . . 587 1691 804 35 . 3347 Explosions 5036 | . . . . 170 . 264 480 . 263 661 . 173 . 122 903 . 167 . 1833 Melee 431 | . . . . 42 86 . . . . . . . . . 34 . . 237 32 Ramming 7 | . . 7 . . . . . . . . . . . . . . . . . Kinetic 406 | . . . . 390 . . . . . . . . . . . . . . 16 Thermal 16566 | . 906 313 1185 1095 1012 178 361 . 11 1817 . 23 . 1277 2503 1281 153 61 4390 Explosive 4822 | . . . . 170 . 264 480 . 263 447 . 173 . 122 903 . 167 . 1833 Electromagnetic . | . . . . . . . . . . . . . . . . . . . . Impact 128 | . . . . 42 86 . . . . . . . . . . . . . . Slashing . | . . . . . . . . . . . . . . . . . . . . Piercing 303 | . . . . . . . . . . . . . . . 34 . . 237 32 Highest Corruption 24 | . 4 4 1 . . 1 1 1 1 1 . . . . 5 6 6 6 24 Average Corruption 4 | . 3 4 1 . . 1 1 1 1 1 . . . . 2 5 6 6 12 Corruption Purged 1 | . . . . . . . . . . 1 . . . . . . . . . Corruption Blocked . | . . . . . . . . . . . . . . . . . . . . Effects 168 | . 16 7 1 . . 6 6 . 1 5 . . . . 26 28 19 4 49 Message Errors 32 | . 2 2 . . . . 2 . . 1 . . . . 4 11 4 . 6 Matter Fused 50 | . 5 2 . . . 2 2 . . 2 . . . . 6 5 5 1 20 Heat Flow Errors 25 | . 3 . . . . 3 . . . 1 . . . . 5 4 1 1 7 Energy Discharges 14 | . 2 1 . . . . . . . . . . . . 2 1 3 1 4 Parts Rejected 1 | . 1 . . . . . . . . . . . . . . . . . . Data Loss (minor) 21 | . . 1 . . . . 2 . 1 . . . . . 6 1 5 . 5 Data Loss (major) 4 | . . . 1 . . 1 . . . . . . . . . 2 . . . Misfires 13 | . 3 . . . . . . . . 1 . . . . 2 2 1 1 3 Alerts 1 | . . 1 . . . . . . . . . . . . . . . . . Misdirections 1 | . . . . . . . . . . . . . . . . . . . 1 Weapon Failures 6 | . . . . . . . . . . . . . . . 1 2 . . 3 Overload Shots . | . . . . . . . . . . . . . . . . . . . . Overflow Damage 468 | . . . 3 29 86 . 20 . 7 49 . 25 . 36 22 . . 140 51 Projectiles 92 | . . . 3 . . . . . . 10 . . . 36 22 . . . 21 Explosions 138 | . . . . 17 . . 20 . 7 39 . 25 . . . . . . 30 Melee 238 | . . . . 12 86 . . . . . . . . . . . . 140 . Knockbacks 1 | . . . . . 1 . . . . . . . . . . . . . . Impact 1 | . . . . . 1 . . . . . . . . . . . . . . Kinetic . | . . . . . . . . . . . . . . . . . . . . Secondary . | . . . . . . . . . . . . . . . . . . . . Self-Inflicted Damage 182 | . . 3 . . . . . . . . . . . . 123 . . . 56 Shots 6 | . . . . . . . . . . . . . . . 3 . . . 3 Rammed 1 | . . 1 . . . . . . . . . . . . . . . . . Targets Rammed 1 | . . 1 . . . . . . . . . . . . . . . . . Kicked . | . . . . . . . . . . . . . . . . . . . . Crushed . | . . . . . . . . . . . . . . . . . . . . Highest Temperature 457 | . 437 196 378 199 126 186 149 . 60 341 . . . 398 386 457 252 215 450 Average Temperature 106 | . 112 84 119 96 43 48 51 . 23 71 . . . 134 101 151 95 104 129 Received Heat Transfer 4390 | . 420 . 435 657 192 54 36 . . 198 . . . 126 198 351 8 27 1688 Effects 19 | . 1 . 2 . . . . . . . . . . 1 5 3 . . 7 Shutdowns 5 | . . . . . . . . . . . . . . 1 . 1 . . 3 Energy Bleed 5 | . . . 1 . . . . . . . . . . . 1 . . . 3 Interference 6 | . . . 1 . . . . . . . . . . . 4 1 . . . Matter Decay 1 | . . . . . . . . . . . . . . . . 1 . . . Short Circuit 1 | . 1 . . . . . . . . . . . . . . . . . . Damage (minor) 1 | . . . . . . . . . . . . . . . . . . . 1 Siege Activations . | . . . . . . . . . . . . . . . . . . . . Robots Corrupted . | . . . . . . . . . . . . . . . . . . . . Combat Hostiles . | . . . . . . . . . . . . . . . . . . . . Parts Fried 3 | . . . . 1 2 . . . . . . . . . . . . . . Impact Corruptions 5 | . . . . 1 4 . . . . . . . . . . . . . . Robots Melted 14 | . . . 1 . . . . . . . . . . 1 7 2 . . 3 Combat Hostiles 13 | . . . 1 . . . . . . . . . . 1 6 2 . . 3 Parts Melted 104 | . 7 4 10 2 9 3 . . . 11 . . . 5 23 6 . . 24 Heat Transferred 29713 | . 2738 1073 2775 2294 2221 299 762 . 25 3021 . 50 . 2015 3838 2369 287 211 5735 Parts Sabotaged . | . . . . . . . . . . . . . . . . . . . . Parts Stolen . | . . . . . . . . . . . . . . . . . . . . Parts Stripped . | . . . . . . . . . . . . . . . . . . . . Power Chain Reactions . | . . . . . . . . . . . . . . . . . . . . Missiles Intercepted . | . . . . . . . . . . . . . . . . . . . . Alert | -11 -10 -10 -9 -8 -7 -7 -7 -7 -6 -6 -6 -6 -6 -5 -5 -5 -5 -5 -5 ------- Run | Scr Mat Min Mat Mat Fac Low Low Dat Pro Fac Low Low Zio Pro Fac Ext Cet Arc Hub Peak Influence 1272 | . 196 301 236 358 154 . . . . 421 . . . . 682 658 1272 695 1115 Initial 508 | . . 51 42 70 89 . . . . 97 . . . . 18 333 368 508 242 Average 293 | . 54 199 104 230 71 . . . . 228 . . . . 341 471 711 672 657 Maximum Alert Level 4 | . . 1 1 1 . . . . . 2 . . . . 2 2 4 2 4 Low Security (%) 49 | 100 100 46 95 48 100 . . . . 42 . . . . 33 . . . . Level 1 19 | . . 53 4 51 . . . . . 39 . . . . 24 27 6 . 12 Level 2 24 | . . . . . . . . . . 17 . . . . 42 72 49 100 51 Level 3 5 | . . . . . . . . . . . . . . . . . 39 . 30 Level 4 . | . . . . . . . . . . . . . . . . . 4 . 5 Level 5 . | . . . . . . . . . . . . . . . . . . . . High Security . | . . . . . . . . . . . . . . . . . . . . Max Security . | . . . . . . . . . . . . . . . . . . . . Squads Dispatched 46 | . 3 . 4 3 5 . . . . 6 . . . . 8 2 1 . 14 Investigation 10 | . 2 . 1 1 1 . . . . 1 . . . . 2 1 1 . . Extermination 10 | . . . . . 1 . . . . 4 . . . . 3 . . . 2 Reinforcement 20 | . 1 . 3 2 3 . . . . 1 . . . . 2 1 . . 7 Assault 6 | . . . . . . . . . . . . . . . 1 . . . 5 Garrison . | . . . . . . . . . . . . . . . . . . . . Intercept . | . . . . . . . . . . . . . . . . . . . . Searches Triggered . | . . . . . . . . . . . . . . . . . . . . Data Miner Redirects 3 | . . . . . . . . . . . . . . . . . . . 3 Construction Impeded 2 | . . . . . . . . . . . . . . . 1 . . . 1 Haulers Reinforced 2 | . . . . . 1 . . . . . . . . . . . . . 1 Active Scanning Responses . | . . . . . . . . . . . . . . . . . . . . Cargo Convoy Interrupts . | . . . . . . . . . . . . . . . . . . . . Stealth | -11 -10 -10 -9 -8 -7 -7 -7 -7 -6 -6 -6 -6 -6 -5 -5 -5 -5 -5 -5 --------- Run | Scr Mat Min Mat Mat Fac Low Low Dat Pro Fac Low Low Zio Pro Fac Ext Cet Arc Hub Distress Signals 38 | . . . 2 2 . . . . . . . . . 28 1 1 2 . 2 Communications Jammed . | . . . . . . . . . . . . . . . . . . . . Distress Signals . | . . . . . . . . . . . . . . . . . . . . Times Spotted 327 | . 19 11 23 25 14 5 7 . 6 28 . 3 . 13 38 21 25 12 77 Peak Tracking Total 11 | . 6 3 6 4 3 4 4 . 3 4 . 3 . 3 8 7 5 2 11 Tactical Retreats 13 | . . 2 1 3 1 . 1 . . 1 . . . . 1 1 . . 2 Traps | -11 -10 -10 -9 -8 -7 -7 -7 -7 -6 -6 -6 -6 -6 -5 -5 -5 -5 -5 -5 ------- Run | Scr Mat Min Mat Mat Fac Low Low Dat Pro Fac Low Low Zio Pro Fac Ext Cet Arc Hub Traps Triggered 14 | . 4 . 1 1 3 . . . . . . . . 2 1 1 . . 1 Indirectly . | . . . . . . . . . . . . . . . . . . . . Trap Hack Attempts . | . . . . . . . . . . . . . . . . . . . . Triggered . | . . . . . . . . . . . . . . . . . . . . Disarmed . | . . . . . . . . . . . . . . . . . . . . Reprogrammed . | . . . . . . . . . . . . . . . . . . . . Reused . | . . . . . . . . . . . . . . . . . . . . Traps Extracted . | . . . . . . . . . . . . . . . . . . . . Installed . | . . . . . . . . . . . . . . . . . . . . Triggered . | . . . . . . . . . . . . . . . . . . . . Machines | -11 -10 -10 -9 -8 -7 -7 -7 -7 -6 -6 -6 -6 -6 -5 -5 -5 -5 -5 -5 ---------- Run | Scr Mat Min Mat Mat Fac Low Low Dat Pro Fac Low Low Zio Pro Fac Ext Cet Arc Hub Machines Disabled 25 | . . . 1 1 . . 1 . . 5 . . . . 7 1 1 1 7 Max in Single Turn 5 | . . . 1 1 . . 1 . . 3 . . . . 5 1 . . 2 Garrison Access 1 | . . . . . 1 . . . . . . . . . . . . . . Machines Sabotaged . | . . . . . . . . . . . . . . . . . . . . Garrisons Compromised . | . . . . . . . . . . . . . . . . . . . . Overloaded Fab Kills . | . . . . . . . . . . . . . . . . . . . . Hacking | -11 -10 -10 -9 -8 -7 -7 -7 -7 -6 -6 -6 -6 -6 -5 -5 -5 -5 -5 -5 --------- Run | Scr Mat Min Mat Mat Fac Low Low Dat Pro Fac Low Low Zio Pro Fac Ext Cet Arc Hub Machines Accessed 40 | . 8 . 3 1 7 1 . 4 . 8 . . . . 4 1 3 . . Terminals 17 | . 7 . 1 1 2 . . . . 3 . . . . . . 3 . . Fabricators 6 | . . . . . 1 . . . . 4 . . . . 1 . . . . Repair Stations 4 | . . . 1 . 1 . . . . 1 . . . . . 1 . . . Recycling Units 2 | . 1 . . . . . . . . . . . . . 1 . . . . Scanalyzers 4 | . . . 1 . 1 . . . . . . . . . 2 . . . . Garrison Access 2 | . . . . . 2 . . . . . . . . . . . . . . Total Hacks 109 | . 18 . 6 9 12 1 . 25 . 17 . . . . 8 3 10 . . Successful 69 | . 9 . 4 4 8 1 . 25 . 9 . . . . 6 1 2 . . Failed 40 | . 9 . 2 5 4 . . . . 8 . . . . 2 2 8 . . Catastrophic 8 | . 1 . . 1 1 . . . . 2 . . . . . 1 2 . . Database Lockouts . | . . . . . . . . . . . . . . . . . . . . Manual 56 | . 8 . 2 8 2 . . . . 7 . . . . 10 10 1 . 8 Terminals 47 | . 17 . 2 9 2 . . . . 7 . . . . . . 10 . . Fabricators 13 | . . . . . 2 . . . . 9 . . . . 2 . . . . Repair Stations 9 | . . . 3 . 2 . . . . 1 . . . . . 3 . . . Recycling Units 3 | . 1 . . . . . . . . . . . . . 2 . . . . Scanalyzers 8 | . . . 1 . 3 . . . . . . . . . 4 . . . . Garrison Access 3 | . . . . . 3 . . . . . . . . . . . . . . Terminal Hacks 40 | . 7 . 1 3 . 1 . 25 . 1 . . . . . . 2 . . Record 10 | . . . . . . . . 8 . . . . . . . . 2 . . Part Schematic 11 | . . . . 1 . . . 10 . . . . . . . . . . . Robot Schematic 4 | . . . . . . . . 4 . . . . . . . . . . . Robot Analysis 5 | . 4 . 1 . . . . . . . . . . . . . . . . Prototype ID Bank 5 | . 1 . . . . . . 3 . 1 . . . . . . . . . Open Door 1 | . . . . . . 1 . . . . . . . . . . . . . Locate Traps 2 | . 1 . . 1 . . . . . . . . . . . . . . . Recall Reinforcements 1 | . 1 . . . . . . . . . . . . . . . . . . Zone Layout 1 | . . . . 1 . . . . . . . . . . . . . . . Fabricator Hacks 8 | . . . . . 1 . . . . 5 . . . . 2 . . . . Network Status 2 | . . . . . 1 . . . . 1 . . . . . . . . . Load Schematic 2 | . . . . . . . . . . 1 . . . . 1 . . . . Build 4 | . . . . . . . . . . 3 . . . . 1 . . . . Repair Station Hacks 5 | . . . 2 . 2 . . . . . . . . . . 1 . . . Scan Component 4 | . . . 2 . 1 . . . . . . . . . . 1 . . . Repair 1 | . . . . . 1 . . . . . . . . . . . . . . Recycling Unit Hacks 2 | . . . . . . . . . . . . . . . 2 . . . . Report Inventory 1 | . . . . . . . . . . . . . . . 1 . . . . Retrieve Components 1 | . . . . . . . . . . . . . . . 1 . . . . Scanalyzer 6 | . . . 1 . 3 . . . . . . . . . 2 . . . . Insert Component 5 | . . . 1 . 2 . . . . . . . . . 2 . . . . Analyze 1 | . . . . . 1 . . . . . . . . . . . . . . Garrison Access Hacks 1 | . . . . . 1 . . . . . . . . . . . . . . Seal Access 1 | . . . . . 1 . . . . . . . . . . . . . . Unauthorized Hacks 7 | . 2 . . 1 1 . . . . 3 . . . . . . . . . Terminals 3 | . 1 . . 1 . . . . . 1 . . . . . . . . . Botnet 3 | . 1 . . 1 . . . . . 1 . . . . . . . . . Fabricators 2 | . . . . . . . . . . 2 . . . . . . . . . Report 1 | . . . . . . . . . . 1 . . . . . . . . . Liberate 1 | . . . . . . . . . . 1 . . . . . . . . . Repair Stations . | . . . . . . . . . . . . . . . . . . . . Recycling Units 1 | . 1 . . . . . . . . . . . . . . . . . . Tunnel 1 | . 1 . . . . . . . . . . . . . . . . . . Scanalyzers . | . . . . . . . . . . . . . . . . . . . . Garrison Access 1 | . . . . . 1 . . . . . . . . . . . . . . Watchers 1 | . . . . . 1 . . . . . . . . . . . . . . Data Cores Recovered . | . . . . . . . . . . . . . . . . . . . . Used . | . . . . . . . . . . . . . . . . . . . . Hacking Detections 31 | . 7 . 2 1 6 . . . . 7 . . . . 3 1 4 . . Full Trace Events 10 | . 2 . 1 1 1 . . . . 1 . . . . 2 1 1 . . Feedback Events 1 | . . . . . . . . . . . . . . . . 1 . . . Corruption 1 | . . . . . . . . . . . . . . . . 1 . . . Feedback Blocked . | . . . . . . . . . . . . . . . . . . . . Robot Schematics Acquired 7 | . . . . . . . . 4 . . . . 3 . . . . . . Robots Built . | . . . . . . . . . . . . . . . . . . . . Authchips . | . . . . . . . . . . . . . . . . . . . . Time . | . . . . . . . . . . . . . . . . . . . . Total Robot Build Rating . | . . . . . . . . . . . . . . . . . . . . Part Schematics Acquired 38 | . . . . 1 1 . . 10 . . . . 14 . . 12 . . . Parts Built 7 | . . . . . . . . . . 5 . . . . 2 . . . . Authchips . | . . . . . . . . . . . . . . . . . . . . Time 481 | . . . . . . . . . . 375 . . . . 106 . . . . Total Part Build Rating 43 | . . . . . . . . . . 31 . . . . 12 . . . . Parts Repaired . | . . . . . . . . . . . . . . . . . . . . Time 32 | . . . . . 32 . . . . . . . . . . . . . . Parts Recycled . | . . . . . . . . . . . . . . . . . . . . Recycled Matter . | . . . . . . . . . . . . . . . . . . . . Retrieved Matter . | . . . . . . . . . . . . . . . . . . . . Retrieved Components 3 | . . . . . . . . . . . . . . . 3 . . . . Parts Scanalyzed 1 | . . . . . 1 . . . . . . . . . . . . . . Part Schematics Acquired 1 | . . . . . 1 . . . . . . . . . . . . . . Parts Damaged . | . . . . . . . . . . . . . . . . . . . . Bothacking | -11 -10 -10 -9 -8 -7 -7 -7 -7 -6 -6 -6 -6 -6 -5 -5 -5 -5 -5 -5 ------------ Run | Scr Mat Min Mat Mat Fac Low Low Dat Pro Fac Low Low Zio Pro Fac Ext Cet Arc Hub Used RIF Installer . | . . . . . . . . . . . . . . . . . . . . Robots Hacked . | . . . . . . . . . . . . . . . . . . . . Non-combat . | . . . . . . . . . . . . . . . . . . . . Combat . | . . . . . . . . . . . . . . . . . . . . Robot Hacks Applied . | . . . . . . . . . . . . . . . . . . . . Relay Couplers Released . | . . . . . . . . . . . . . . . . . . . . Fabnet Peak Effective % . | . . . . . . . . . . . . . . . . . . . . Robots Rewired 7 | . . . . . . . 3 . . . . . . . . 4 . . . Allies Hacked . | . . . . . . . . . . . . . . . . . . . . Hacks Repelled . | . . . . . . . . . . . . . . . . . . . . Allies | -11 -10 -10 -9 -8 -7 -7 -7 -7 -6 -6 -6 -6 -6 -5 -5 -5 -5 -5 -5 -------- Run | Scr Mat Min Mat Mat Fac Low Low Dat Pro Fac Low Low Zio Pro Fac Ext Cet Arc Hub Total Allies 32 | . . . . . . . 3 . 1 2 . . 4 . . 14 5 . 3 Largest Group 12 | . . . . . . . 3 3 3 2 . . 4 4 . 12 12 6 4 Highest-Rated Group 823 | . . . . . . . 93 93 127 96 . . 157 157 . 479 823 574 294 Highest-Rated Ally 159 | . . . . . . . 31 31 96 96 . . 40 40 . 159 159 159 96 Zionite Dispatches 2 | . . . . . . . . . . . . . . . . 1 . . 1 Light 1 | . . . . . . . . . . . . . . . . . . . 1 Recon 1 | . . . . . . . . . . . . . . . . 1 . . . Total Orders . | . . . . . . . . . . . . . . . . . . . . Ally Attacks 346 | . . . . . . . . . 30 15 . . . 4 . 61 155 21 60 Total Damage 10589 | . . . . . . . . . 470 995 . . . 361 . 1181 5482 601 1499 Kills 68 | . . . . . . . . . 5 6 . . . 3 . 13 28 4 9 Allies Corrupted . | . . . . . . . . . . . . . . . . . . . . Allies Melted 1 | . . . . . . . . . 1 . . . . . . . . . . Intel | -11 -10 -10 -9 -8 -7 -7 -7 -7 -6 -6 -6 -6 -6 -5 -5 -5 -5 -5 -5 ------- Run | Scr Mat Min Mat Mat Fac Low Low Dat Pro Fac Low Low Zio Pro Fac Ext Cet Arc Hub Robot Analysis Total 5 | . 4 . 1 . . . . . . . . . . . . . . . . Derelict Logs Recovered 11 | . . 1 . . . 1 1 . . . 1 2 2 3 . . . . . Drone Launches 2 | . . . . . . . . . . . . . . . . . . . 2 Drone Recoveries 2 | . . . . . . . . . . . . . . . . . . . 2 Zionite Intel Received 5 | . . . . . . . . . . . . . . . 2 2 . . 1 Main Access 1 | . . . . . . . . . . . . . . . . . . . 1 Emergency Access 1 | . . . . . . . . . . . . . . . . 1 . . . Prototype Stockpiles 1 | . . . . . . . . . . . . . . . 1 . . . . Prototype Schematics 1 | . . . . . . . . . . . . . . . . 1 . . . Depthwide Sectors/0 1 | . . . . . . . . . . . . . . . 1 . . . . Exploration | -11 -10 -10 -9 -8 -7 -7 -7 -7 -6 -6 -6 -6 -6 -5 -5 -5 -5 -5 -5 ------------- Run | Scr Mat Min Mat Mat Fac Low Low Dat Pro Fac Low Low Zio Pro Fac Ext Cet Arc Hub Turns Passed 15843 | 62 1155 496 864 994 1606 575 655 96 221 1532 233 408 1318 1093 1574 870 538 274 1279 Spaces Moved 9428 | 40 631 284 402 423 1074 480 439 80 157 1010 202 344 1051 634 796 472 298 146 465 Core 16 | 16 . . . . . . . . . . . . . . . . . . . Treads 225 | 24 103 . . 5 . . . . . . . . . . . . . . 93 Legs 28 | . . . . . . . . . . . . . . . . . . . 28 Wheels 9159 | . 528 284 402 418 1074 480 439 80 157 1010 202 344 1051 634 796 472 298 146 344 Hover . | . . . . . . . . . . . . . . . . . . . . Flight . | . . . . . . . . . . . . . . . . . . . . Fastest Speed 50 | 50 115 145 145 115 115 115 115 115 130 115 115 115 115 115 130 130 130 160 145 Average Speed 134 | 129 143 145 160 157 115 115 119 116 130 121 115 115 118 133 150 130 165 172 187 Slowest Speed 490 | 160 240 145 170 490 115 115 130 130 130 130 115 115 145 160 160 130 175 175 262 Overloaded Moves . | . . . . . . . . . . . . . . . . . . . . Propulsion Burnouts . | . . . . . . . . . . . . . . . . . . . . Robots Hopped . | . . . . . . . . . . . . . . . . . . . . Cave-ins Triggered . | . . . . . . . . . . . . . . . . . . . . Exploration Rate (%) 52 | 3 95 57 32 32 24 71 55 68 41 27 43 58 89 65 19 62 77 89 42 Regions Visited 19 Branch Regions 13 Pre-discovered Areas 16 | . 1 . . . . . . 1 . . . 1 2 1 10 . . . . Known Exits Taken 14 | . . . . . 1 1 1 1 1 1 1 1 1 1 1 1 1 1 . Unknown Exits Taken 5 | 1 1 1 1 1 . . . . . . . . . . . . . . . Scrap Searched 8 | . . 1 . . . 2 . . . . . 1 2 2 . . . . . Spaces Dug 79 | . 4 . 1 7 8 . 8 . . 4 . . . 21 16 10 . . . Terrain Destroyed 448 | . 4 . 1 25 8 27 65 . 14 27 . 9 . 32 97 16 21 . 102 Melee 27 | . 4 . 1 7 8 . . . . 4 . . . . 3 . . . . Projectile 108 | . . . . . . . . . . . . . . 29 38 16 . . 25 AOE 313 | . . . . 18 . 27 65 . 14 23 . 9 . 3 56 . 21 . 77 Terrain Rammed . | . . . . . . . . . . . . . . . . . . . . Walls Destroyed . | . . . . . . . . . . . . . . . . . . . . Machines Disabled . | . . . . . . . . . . . . . . . . . . . . Actions | -11 -10 -10 -9 -8 -7 -7 -7 -7 -6 -6 -6 -6 -6 -5 -5 -5 -5 -5 -5 --------- Run | Scr Mat Min Mat Mat Fac Low Low Dat Pro Fac Low Low Zio Pro Fac Ext Cet Arc Hub Total 11420 | 49 773 324 508 608 1369 492 528 83 166 1216 202 354 1118 789 1007 660 336 158 680 Wait 801 | . 37 11 25 54 199 3 22 . 2 81 1 7 62 72 84 92 19 3 27 Move 9409 | 39 630 283 401 422 1073 479 438 79 156 1009 201 343 1050 633 795 471 297 145 465 Hop . | . . . . . . . . . . . . . . . . . . . . Pick Up 146 | 4 21 4 7 21 19 . 1 . . 21 . 1 1 4 17 5 4 1 15 Fast Attach 51 | 3 7 . 1 6 5 1 . 1 . 2 . . . . 8 1 2 1 13 Attach 91 | 3 5 2 7 9 6 . 2 1 . 12 . . . 5 11 5 . . 23 Detach 14 | . 3 . . 2 . . . 1 . 2 . . . . . . . . 6 Swap 101 | . 10 . 2 8 11 1 4 . 3 17 . 1 2 5 6 5 2 1 23 Drop 81 | . 5 1 6 8 19 1 . 1 . 16 . 1 2 1 2 3 6 2 7 Fire 580 | . 43 22 58 64 28 7 28 . 5 52 . 1 . 53 79 36 4 1 99 Melee 54 | . 12 . 1 14 9 . . . . 4 . . 1 . 5 . 2 4 2 Ram 1 | . . 1 . . . . . . . . . . . . . . . . . Kick . | . . . . . . . . . . . . . . . . . . . . Crush . | . . . . . . . . . . . . . . . . . . . . Escape Stasis 24 | . . . . . . . . . . . . . . 16 . 8 . . . Rewire 67 | . . . . . . . 33 . . . . . . . . 34 . . . Trap . | . . . . . . . . . . . . . . . . . . . . Miscellaneous . | . . . . . . . . . . . . . . . . . . . . Route ------- -11/Scrapyard -10/Materials (discovered 4 exits: *Mat x2 / [*Min x2]) -10/Mines -9/Materials -8/Materials -7/Factory -7/Lower Caves -7/Lower Caves (discovered 2 exits: *Fac / *Dat) -7/Data Miner -6/Proximity Caves -6/Factory -6/Lower Caves -6/Lower Caves (discovered 2 exits: Fac / *Zio) -6/Zion -5/Proximity Caves -5/Factory (discovered 3 exits: *Fac / *Upp / *Ext) -5/Extension (discovered 2 exits: *Fac / *Cet) -5/Cetus (discovered 3 exits: *Fac x2 / *Arc) -5/Archives (discovered 3 exits: *Fac / *Hub x2) -5/Hub_04(d) (discovered 4 exits: Fac x4) History --------- Turn | Location | Event 18 | -11/Scrapyard | Discovered new exit (range 15) 63 | -11/Scrapyard | Entered Materials 314 | -10/Materials | Build established: Mutant 322 | -10/Materials | Discovered new exit (range 14) 348 | -10/Materials | Lost 4 parts (1p2n1w) 447 | -10/Materials | Discovered new exit (range 13) 530 | -10/Materials | Discovered new exit (range 8) 986 | -10/Materials | Discovered new exit (range 13) 1218 | -10/Materials | Entered Mines 1420 | -10/Mines | Core integrity fell below 50% 1514 | -10/Mines | Learned Materials emergency access door positions 1557 | -10/Mines | Assembled infested the area 1707 | -10/Mines | Discovered new exit (range 6) 1714 | -10/Mines | Entered Materials 1714 | -9/Materials | Evolved 2 slots: Utility x2 2220 | -9/Materials | Core integrity fell below 50% 2236 | -9/Materials | Lost 4 parts (1n2u1w) 2260 | -9/Materials | Discovered new exit (range 10) 2578 | -9/Materials | Entered another Materials area 2578 | -8/Materials | Evolved 2 slots: Propulsion x1, Utility x1 3017 | -8/Materials | Lost 5 parts (2n3u) 3148 | -8/Materials | Lost 3 parts (1n1u1w) 3352 | -8/Materials | Build established: Scavenger-Mutant 3371 | -8/Materials | Discovered new exit (range 16) 3572 | -8/Materials | Entered Factory 3572 | -7/Factory | Evolved 2 slots: Propulsion x1, Utility x1 3653 | -7/Factory | Build established: Mutant 3714 | -7/Factory | Discovered new exit (range 15) 3760 | -7/Factory | Identified exit to Lower Caves 5178 | -7/Factory | Entered Lower Caves 5610 | -7/Lower Caves | Discovered new exit (range 15) 5749 | -7/Lower Caves | Identified exit to Lower Caves 5753 | -7/Lower Caves | Entered another Lower Caves area 5838 | -7/Lower Caves | Encountered a Warlord checkpoint 5841 | -7/Lower Caves | Discovered new exit (range 14) 5859 | -7/Lower Caves | Identified exit to Factory 5959 | -7/Lower Caves | Spotted B-75 Beast 5975 | -7/Lower Caves | Destroyed B-75 Beast 6210 | -7/Lower Caves | Learned Factory trap positions 6280 | -7/Lower Caves | Discovered new exit (range 14) 6295 | -7/Lower Caves | Identified exit to Data Miner 6338 | -7/Lower Caves | Attacked by a delusional Derelict stockpiling Unaware 6408 | -7/Lower Caves | Entered Data Miner 6408 | -7/Data Miner | Accompanied by 3 allies 6408 | -7/Data Miner | Discovered new exit (range 6) 6432 | -7/Data Miner | Met Data Miner 6454 | -7/Data Miner | Learned location of Section 7 (-2) 6454 | -7/Data Miner | Acquired the access code to Warlord's prototype stash 6470 | -7/Data Miner | Received God Mode back door access code from Data Miner 6501 | -7/Data Miner | Identified exit to Proximity Caves 6504 | -7/Data Miner | Entered Proximity Caves 6504 | -6/Proximity Caves | Accompanied by 3 allies 6542 | -6/Proximity Caves | Escorted by Enhanced Grunt 6702 | -6/Proximity Caves | Discovered exit to Factory (range 11) 6725 | -6/Proximity Caves | Entered Factory 6725 | -6/Factory | Accompanied by 1 ally 6725 | -6/Factory | Evolved 2 slots: Utility x2 6726 | -6/Factory | Identified exit to Lower Caves 6727 | -6/Factory | Loaded intel: 122 trap records 6940 | -6/Factory | Fabricated Imp. Coolant Injector? 6983 | -6/Factory | Fabricated Lgt. Regenerative Plating? 7055 | -6/Factory | Fabricated Hardcell Cannon? 7165 | -6/Factory | Lost 3 parts (1p1u1w) 7504 | -6/Factory | Build established: Skirmisher 8257 | -6/Factory | Entered Lower Caves 8440 | -6/Lower Caves | Build established: Mutant 8453 | -6/Lower Caves | Learned Factory terminal intel 8469 | -6/Lower Caves | Discovered new exit (range 8) 8478 | -6/Lower Caves | Identified exit to Lower Caves 8490 | -6/Lower Caves | Entered another Lower Caves area 8548 | -6/Lower Caves | Spotted B-75 Beast 8580 | -6/Lower Caves | Identified exit to Factory 8791 | -6/Lower Caves | Encountered a Warlord checkpoint 8839 | -6/Lower Caves | Discovered new exit (range 10) 8897 | -6/Lower Caves | Identified exit to Zion 8898 | -6/Lower Caves | Entered Zion 8917 | -6/Zion | Given the Hacking Drone Bay 8954 | -6/Zion | Given A8's code to call for help 8982 | -6/Zion | Discovered new exit (range 10) 8991 | -6/Zion | Found CR-A16's Pointy Stick 9006 | -6/Zion | Identified exit to Proximity Caves 9099 | -6/Zion | Learned Factory emergency access door positions 9158 | -6/Zion | Learned location of Warlord (-5) 9602 | -6/Zion | Learned Factory terminal intel 9751 | -6/Zion | Acquired unknown access codes intercepted by a Zionite 9841 | -6/Zion | Imprinted 9843 | -6/Zion | Declared Zion's savior 10216 | -6/Zion | Entered Proximity Caves 10216 | -5/Proximity Caves | Accompanied by 4 allies 10535 | -5/Proximity Caves | Attracted the attention of an 0b10 checkpoint 10571 | -5/Proximity Caves | Spotted B-75 Beast 10603 | -5/Proximity Caves | Learned location of Armory (-4) 10882 | -5/Proximity Caves | Learned Factory security intel 11309 | -5/Proximity Caves | Entered Factory 11309 | -5/Factory | Evolved 2 slots: Power x1, Weapon x1 11312 | -5/Factory | Loaded intel: 28 terminal locations 11405 | -5/Factory | Discovered new exit (range 11) 11423 | -5/Factory | Identified exit to Upper Caves 11567 | -5/Factory | Found Prototype Launcher 11826 | -5/Factory | Retrieved Zion intel report: Depthwide Sectors/0 11858 | -5/Factory | Destroyed 7 combat bots 11860 | -5/Factory | Fabricated Adv. Plasma Cannon? 11861 | -5/Factory | Lost 3 parts (1p1n1w) 12153 | -5/Factory | Identified Tesla Bomb Launcher 12181 | -5/Factory | Retrieved Zion intel report: Prototype Stockpiles 12359 | -5/Factory | Lost 3 parts (1p1u1w) 12453 | -5/Factory | Discovered new exit (range 6) 12457 | -5/Factory | Identified exit to Factory 12688 | -5/Factory | Discovered new exit (range 13) 12702 | -5/Factory | Identified exit to Extension 12840 | -5/Factory | First assault squad dispatched 12848 | -5/Factory | Terminal network hard line cut 12883 | -5/Factory | Entered Extension 12989 | -5/Extension | Zion Recon squad teleported in 13109 | -5/Extension | Retrieved Zion intel report: Emergency Access 13155 | -5/Extension | Build established: Scavenger-Skirmisher 13199 | -5/Extension | Rescued a captive Derelict 13306 | -5/Extension | Rescued a captive Derelict 13317 | -5/Extension | Rescued a captive Derelict 13318 | -5/Extension | Rescued a captive Derelict 13379 | -5/Extension | Rescued a captive Derelict 13417 | -5/Extension | Rescued a captive Derelict 13579 | -5/Extension | Rescued a captive Derelict 13581 | -5/Extension | Rescued a captive Derelict 13585 | -5/Extension | Rescued a captive Derelict 13612 | -5/Extension | Retrieved Zion intel report: Prototype Schematics 13614 | -5/Extension | Rescued A7 13699 | -5/Extension | Discovered new exit (range 14) 13713 | -5/Extension | Discovered exit to Factory (range 10) 13728 | -5/Extension | Identified exit to Cetus 13753 | -5/Extension | Entered Cetus 13753 | -5/Cetus | Accompanied by 10 allies (A7) 13758 | -5/Cetus | Acquired a Cetus Manufacturing Module code from A7 13771 | -5/Cetus | Spotted Cetus Guard 13771 | -5/Cetus | Spotted Cetus Guard 13774 | -5/Cetus | Spotted Cetus Guard 13775 | -5/Cetus | Spotted Cetus Guard 13786 | -5/Cetus | Allies destroyed Cetus Guard 13788 | -5/Cetus | Allies destroyed Cetus Guard 13789 | -5/Cetus | Allies destroyed Cetus Guard 13790 | -5/Cetus | Allies destroyed Cetus Guard 13856 | -5/Cetus | Discovered exit to Factory (range 15) 13973 | -5/Cetus | Started Cetus Manufacturing Module 13998 | -5/Cetus | Manufactured an Enhanced Grunt 14023 | -5/Cetus | Manufactured an Enhanced Grunt 14048 | -5/Cetus | Manufactured an Enhanced Grunt 14073 | -5/Cetus | Manufactured an Enhanced Grunt 14098 | -5/Cetus | Manufactured an Enhanced Grunt 14121 | -5/Cetus | Discovered new exit (range 15) 14144 | -5/Cetus | Identified exit to Archives 14177 | -5/Cetus | Spotted Cetus Guard 14178 | -5/Cetus | Spotted Cetus Guard 14181 | -5/Cetus | Spotted Cetus Guard 14183 | -5/Cetus | Allies destroyed Cetus Guard 14184 | -5/Cetus | Spotted Cetus Guard 14187 | -5/Cetus | Allies destroyed Cetus Guard 14194 | -5/Cetus | Allies destroyed Cetus Guard 14195 | -5/Cetus | Discovered exit to Factory (range 16) 14197 | -5/Cetus | Allies destroyed Cetus Guard 14206 | -5/Cetus | Scared off Revision 17 14291 | -5/Cetus | Entered Archives 14291 | -5/Archives | Accompanied by 6 allies (A7) 14341 | -5/Archives | Unable to access archive contents 14362 | -5/Archives | Unable to access archive contents 14366 | -5/Archives | Discovered new exit (range 15) 14383 | -5/Archives | Discovered new exit (range 16) 14403 | -5/Archives | Unable to access archive contents 14406 | -5/Archives | Discovered exit to Factory (range 15) 14481 | -5/Archives | Identified exit to Hub_04(d) 14565 | -5/Archives | Entered Hub_04(d) 14565 | -5/Hub_04(d) | Accompanied by 3 allies 14636 | -5/Hub_04(d) | Build established: Scavenger-Mutant 14686 | -5/Hub_04(d) | Zion Light squad teleported in 15165 | -5/Hub_04(d) | First assault squad dispatched 15190 | -5/Hub_04(d) | Retrieved Zion intel report: Main Access 15234 | -5/Hub_04(d) | Build established: Scavenger-Tank 15264 | -5/Hub_04(d) | System corruption reached 10% 15315 | -5/Hub_04(d) | Lost 3 parts (1p1u1w) 15340 | -5/Hub_04(d) | Core integrity fell below 50% 15486 | -5/Hub_04(d) | Incoming assault squad redirected 15613 | -5/Hub_04(d) | Destroyed 12 combat bots 15679 | -5/Hub_04(d) | Core integrity fell below 20% 15727 | -5/Hub_04(d) | Lost 22 parts (6p5n5u6w) 15790 | -5/Hub_04(d) | Incoming assault squad redirected 15829 | -5/Hub_04(d) | Terminal network hard line cut 15832 | -5/Hub_04(d) | Incoming assault squad redirected 15844 | -5/Hub_04(d) | Destroyed by G-50 Soldier with Heavy Laser Last Messages --------------- 15820_ I-47 Archangel unfolds itself. 15821_ K-01 Serf collects debris. 15822_ U-05 Engineer lays Concrete. 15826_ Critical hit (Burn: +37). 15828_ Critical hit (Burn: +50). 15829_ ALERT: Terminal network compromised, cutting hard line. 15829_ Acquired 4 matter. 15831_ System corrupted: Component data lost. 15832_ ALERT: Higher priority target reported, redirecting assault. 15832_ Gauss Rifle destroyed. 15837_ B-60 Warrior suffers critical hit (Burn). 15838_ Lgt. Angular Momentum Engine destroyed. 15842_ Adv. Heat Sink destroyed. 15842_ U-05 Engineer lays Concrete. 15842_ Triggered Segregator Trap. 15842_ Arcs of energy rise from the floor. 15842_ Hvy. Laser blown off. 15842_ Imp. VSS Leg blown off. 15842_ Carbon-fiber Leg blown off. 15842_ Imp. Signal Interpreter blown off. Map ----- +----------------------------------------------------+ | ?????????????????????????????????????????????????? | | ?????????????????????????????????????????????????? | | ??????????????????????